 Dungeon Crawl Stone Soup version 0.27-a0-1595-g0b823d0a13 (webtiles) character file.

Game seed: 3144913768917821045

99 flotson the Sneak (level 4, 0/37 HPs)
             Began as a Demonspawn Delver on July 20, 2021.
             Slain by an orc priest (3 damage)
             ... on level 5 of the Dungeon.
             The game lasted 00:03:18 (2072 turns).

flotson the Sneak (Demonspawn Delver)               Turns: 2072, Time: 00:03:19

Health: 0/37       AC: 11    Str: 14    XL:     4   Next: 45%
Magic:  4/4        EV: 11    Int: 11    God:
Gold:   8          SH:  0    Dex: 14    Spells: 3/3 levels left

rFire    . . .     SeeInvis .   a - +1 dagger (venom)
rCold    . . .     Faith    .   (no shield)
rNeg     . . .     Spirit   .   h - +0 ring mail
rPois    .         Reflect  .   (no helmet)
rElec    .         Harm     .   (no cloak)
rCorr    .         Rampage  .   (no gloves)
Will     .....                  (no boots)
Stlth    ++........             (no amulet)
HPRegen  0.12/turn              (no ring)
MPRegen  0.09/turn              (no ring)

@: mighty, sanguine armoured
A: sanguine armour 1
a: no special abilities


You were on level 5 of the Dungeon.
You visited 1 branch of the dungeon, and saw 2 of its levels.
You also visited: Sewer.

You collected 8 gold pieces.

Inventory:

Hand Weapons
 a - a +1 dagger of venom (weapon)
 b - a +0 hand crossbow
 j - a +0 hand axe
Missiles
 k - 17 bolts
Armour
 h - a +0 ring mail (worn)
Wands
 g - a wand of digging (2)
Scrolls
 c - 2 scrolls of fog
Potions
 d - a potion of magic {unknown}
 e - a potion of might
 f - a potion of haste
 i - a potion of brilliance {unknown}
 l - a potion of invisibility {unknown}


   Skills:
 + Level 3.6 Fighting
 + Level 2.6 Axes
 + Level 1.7 Armour
 + Level 2.5 Dodging
 - Level 4.5 Stealth


You had 3 spell levels left.
You didn't know any spells.
Your spell library was empty.

Dungeon Overview and Level Annotations

Branches:
Dungeon (5/15)              Sewer (visited)
 Temple: D:4-7

Altars:

Shops:
D:5 [


Innate Abilities, Weirdness & Mutations

When seriously injured, your bleeding wounds create armour. (AC +6)


Message History

The orc splashes around in the water.
There is a collapsed entrance here.
You enter the shallow water.
Moving in this stuff is going to be slow.
The orc splashes around in the water. x2
The orc priest invokes the aid of Beogh against you.
Pain shoots through your body!
As you read the scroll of fog, it crumbles to dust.
The scroll dissolves into smoke.
You hit the orc but do no damage.
The orc is poisoned.
The orc hits you but does no damage.
You hit the orc but do no damage.
The orc looks as sick as possible!
The orc is heavily wounded.
The orc barely misses you.
You hit the orc.
The orc is almost dead.
You kill the orc!
The orc priest calls down the wrath of Beogh upon you.
Beogh smites you!
Your blood congeals into armour.
The orc priest looks encouraged for a moment.
Things that are here:
a +0 flail; a +0 ring mail You barely miss the orc priest.
The orc priest hits you but does no damage.
You closely miss the orc priest. The orc priest closely misses you.
You hit the orc priest.
The orc priest is poisoned.
The orc priest is lightly wounded.
The orc priest barely misses you.
You hit the orc priest but do no damage.
The orc priest is lightly wounded.
The orc priest invokes the aid of Beogh against you.
Beogh smites you!
* * * LOW HITPOINT WARNING * * *
You hit the orc priest but do no damage.
The orc priest is lightly wounded.
The orc priest hits you but does no damage.
It was a potion of might.
You feel very mighty all of a sudden.
The orc priest hits you with a +0 morningstar.
You die...

.........#...#≈≈#
.............#w≈#
.........###.#≈w###
#...###..# #.oo≈≈##
#........###...o≈##
..........###...###
............#..§#
#.............w####
#..........###oo@§#
#..###.....########
#..#∩'......# ***
#..###..#...## **,*
#......##*...###,**
##.....# **....,***
....#### *#..##*,,*
.##..## ##..## *,**
####..###..#* ***


You could see a worm, an orc priest (very poisoned) and an orc.

Vanquished Creatures
  A hound (D:5)
  5 adders
  An orc (D:5)
  9 jackals (Sewer)
  3 kobolds (Sewer)
  2 ball pythons (Sewer)
  3 frilled lizards (Sewer)
24 creatures vanquished.

Vanquished Creatures (others)
  11 plants (Sewer)
11 creatures vanquished.

Grand Total: 35 creatures vanquished

Notes
Turn   | Place    | Note
-------+----------+-------------------------------------------
     0 | D:5      | flotson the Demonspawn Delver began the quest for the Orb.
     0 | D:5      | Reached XP level 1. HP: 18/18 MP: 1/1
    46 | D:5      | Gained mutation: When seriously injured, your bleeding
                  | wounds create armour. (AC +6) [demonic ancestry]
    46 | D:5      | Reached XP level 2. HP: 22/24 MP: 2/2
    90 | D:5      | Found Pedifov's Armour Emporium.
   148 | D:5      | Reached skill level 1 in Armour
   148 | D:5      | Reached XP level 3. HP: 8/29 MP: 3/3
   433 | D:5      | Noticed a scorpion
   468 | D:5      | Found a glowing drain.
   477 | Sewer    | Entered a sewer
  1276 | Sewer    | Reached XP level 4. HP: 33/35 MP: 4/4
  2072 | D:5      | Slain by an orc priest

Illustrated notes

Levels and vault maps discovered:
D:4:      layout_cave_pools, minmay_temple_entry_purple_smoke,
          minmay_statues_item, uniq_blork_the_orc
D:5:      layout_layer_cave, serial_shops, kennysheep_mini_moat,
          gammafunk_ghost_abyssal_escape, cheibrodos_sewer_entry_bend,
          roderic_three_in_a_row

Skill      XL: |  1  2 |
---------------+-------+-----
Axes           | 2 |  2.6
Dodging        | 2 |  2.5
Armour         | 1 |  1.7
Fighting       | |  3.6
Stealth        | |  4.5

Action                   |  1- 3 |  4- 6 || total
-------------------------+-------+-------++-------
Melee: Hand axe          |    47 |       ||    47
       Dagger            |    19 |    61 ||    80
Evoke: Wand              |     1 |       ||     1
  Use: Potion            |     1 |     1 ||     2
       Scroll            |     2 |     1 ||     3
 Stab: Sleeping          |       |     2 ||     2
Armor: Ring mail         |    37 |    31 ||    68
Dodge: Dodged            |    46 |    24 ||    70

Table legend: (Time is in decaauts)
 A = Elapsed time spent in this place.
 B = Non-inter-level travel time spent in this place.
 C = Inter-level travel time spent in this place.
 D = Time resting spent in this place.
 E = Time spent auto-exploring this place.
 F = Levels seen in this place.
 G = Mean time per level.
                   A        B        C        D        E       F      G
               +--------+--------+--------+--------+--------+-----+--------+
         Total |   2229 |   2229 |      0 |    180 |   1586 |   3 |  743.0 |
       Dungeon |    498 |    498 |      0 |     64 |    261 |   2 |  249.0 |
         Sewer |   1731 |   1731 |      0 |    116 |   1324 |   1 | 1731.0 |
               +--------+--------+--------+--------+--------+-----+--------+

Top non-repeatable levels by time:
   Sewer: 1731 daAuts
     D:5: 490 daAuts
     D:4: 7 daAuts
